 Dungeon Crawl Stone Soup version 0.23-a0-586-gacb4b3f (webtiles) character file.

5939 galech the Cleaver (level 10, -3/76 HPs)
             Began as a Demonspawn Fighter on Dec 19, 2018.
             Was an Elder of Okawaru.
             Slain by a six-headed hydra (7 damage)
             ... on level 1 of the Lair of Beasts.
             The game lasted 00:11:41 (10127 turns).

galech the Cleaver (Demonspawn Fighter)            Turns: 10127, Time: 00:11:42

Health: -3/76      AC: 15    Str: 20    XL:     10   Next: 54%
Magic:  19/19      EV:  9    Int:  9    God:    Okawaru [****..]
Gold:   748        SH: 16    Dex: 16    Spells: 9/9 levels left

rFire    . . .     SeeInvis .   y - +4 hand axe (flame)
rCold    + + +     Gourm    .   D - +0 large shield
rNeg     . . .     Faith    .   e - +1 ice dragon scales
rPois    .         Spirit   .   p - +0 helmet
rElec    .         Reflect  .   l - scarf {rC+ rF+}
rCorr    .         Harm     .   o - +0 pair of gloves
MR       .....                  (no boots)
Stlth    ..........             J - amulet of the acrobat
HPRegen  0.22/turn              s - ring of magical power
MPRegen  0.16/turn              M - +3 ring of strength

@: no status effects
A: hooves 2, powered by pain 2, spiny 1
a: Heroism, Renounce Religion


You were on level 1 of the Lair of Beasts.
You worshipped Okawaru.
Okawaru was greatly pleased with you.
You were not hungry.

You visited 3 branches of the dungeon, and saw 13 of its levels.

You collected 748 gold pieces.

Inventory:

Hand Weapons
 a - a +0 war axe
 y - a +4 hand axe of flaming (weapon)
Armour
 c - a +0 shield
 e - +1 ice dragon scales (worn)
 l - a scarf of resistance (worn)
 o - a +0 pair of gloves (worn)
 p - a +0 helmet (worn)
 C - a +2 chain mail of fire resistance
 D - a +0 large shield (worn)
Jewellery
 j - an uncursed amulet of magic regeneration
 s - a ring of magical power (left hand)
 w - the ring "Turchum" {*Tele +Fly rElec Str-2}
   (You found it on level 4 of the Dungeon)

   [ring of teleportation]

   It may teleport you next to monsters.
   It affects your strength (-2).
   It insulates you from electricity.
   It lets you fly.
 J - an amulet of the acrobat (around neck)
 K - an uncursed ring of stealth
 M - a +3 ring of strength (right hand)
Wands
 G - a wand of iceblast (20)
 L - a wand of paralysis (11)
Scrolls
 b - 2 scrolls of noise
 d - a scroll of amnesia {unknown}
 h - 7 scrolls of remove curse
 i - a scroll of fear
 k - 2 scrolls of immolation
 u - a scroll of teleportation {unknown}
 v - 2 scrolls of blinking
 x - 4 scrolls of fog
 A - 2 scrolls of magic mapping {unknown}
 E - 6 scrolls of identify
 H - a scroll of torment {unknown}
 I - a scroll of enchant armour
Potions
 g - 3 potions of mutation {unknown}
 m - 3 potions of lignification {unknown}
 n - 4 potions of heal wounds {unknown}
 q - a potion of berserk rage {unknown}
 r - 4 potions of curing {unknown}
 t - 3 potions of flight {unknown}
 z - a potion of brilliance
 B - 2 potions of experience {unknown}
 F - 2 potions of invisibility {unknown}
Comestibles
 f - 19 rations
 N - 8 chunks of flesh


   Skills:
 + Level 6.2 Fighting
 + Level 9.3 Axes
 + Level 6.5 Armour
 + Level 4.6 Dodging
 + Level 1.5 Stealth
 + Level 7.1 Shields
 + Level 0.9 Invocations


You had 9 spell levels left.
You didn't know any spells.
Your spell library was empty.

Dungeon Overview and Level Annotations

Branches:
Dungeon (11/15)            Temple (1/1) D:4            Lair (1/6) D:8
    Orc: D:9-12

Altars:
Dithmenos
Gozag
Hepliaklqana
Kikubaaqudgha
Makhleb
Okawaru
Uskayaw
Xom
The Shining One

Shops:
D:8 (

Annotations:
D:4 3 runed doors, Leeroy's ghost, amateur GnSk; RexLacerta's ghost, amateur HaHu; melvinkitnick's ghost, amateur SpEn; phyphor's ghost, amateur SpEn
D:7 3 runed doors, Lanoc's ghost, amateur FeMo


Innate Abilities, Weirdness & Mutations

You have hoof-like feet.
You sometimes gain power by taking damage.
You are partially covered in sharp spines.


Message History

You burn the six-headed hydra.
The six-headed hydra is moderately wounded.
The six-headed hydra is struck by your spines.
The six-headed hydra bites you.
You block the six-headed hydra's attack.
The six-headed hydra bites you! The six-headed hydra barely misses you.
The six-headed hydra bites you but does no damage.
The six-headed hydra bites you!
* * * LOW HITPOINT WARNING * * *
Your ice dragon scales prevents you from hitting the six-headed hydra.
You kick the six-headed hydra!
The six-headed hydra is heavily wounded.
The six-headed hydra is struck by your spines.
The six-headed hydra bites you but does no damage.
The six-headed hydra bites you!
* * * LOW HITPOINT WARNING * * *
The six-headed hydra bites you!
* * * LOW HITPOINT WARNING * * *
The six-headed hydra bites you!
You die...

#..........#
#..........#
####.##+####
##.....# ##..##.## #
#.......# #+#.###
#....(..####.......
#..........#.......
#.....†.##.@D......
.........##.+.......
##.......P###.......
#.......## .......
##...#.## .......
#...### ###+.#. ###.
..# .P


You could see a six-headed hydra.

Vanquished Creatures
  Pikel (D:5)
  Maurice (D:9)
  A spiny frog (Lair:1)
  2 trolls (D:10)
  A hornet (D:9)
  A hippogriff (D:9)
  A wyvern (D:8)
  A basilisk (D:8)
  Duvessa (D:6)
  A porcupine (Lair:1)
  An orc warrior (D:9)
  A swamp drake (D:8)
  2 ice beasts
  6 wolves (Lair:1)
  2 phantoms
  5 centaurs
  2 ogres
  2 crocodiles
  A wyvern zombie (D:8)
  2 bullfrogs
  A scorpion (D:10)
  Dowan (D:6)
  10 wights
  4 electric eels (D:6)
  2 howler monkeys (D:8)
  2 crimson imps
  A centaur zombie (D:5)
  A jelly (D:9)
  A quasit (D:6)
  2 bullfrog zombies
  5 hounds
  An orc priest (D:7)
  A bullfrog skeleton (D:6)
  2 iguanas
  3 orc wizards
  7 worker ants
  A hound skeleton (D:5)
  A howler monkey zombie (D:11)
  A gnoll (D:8)
  A howler monkey skeleton (D:4)
  10 adders
  2 adder skeletons
  A worm (D:3)
  3 dart slugs
  7 leopard geckos
  28 orcs
  6 giant cockroaches
  7 hobgoblins
  12 jackals
  7 bats
  5 frilled lizards
  8 goblins
  3 kobolds
  A quokka skeleton (D:6)
  13 rats
196 creatures vanquished.

Vanquished Creatures (others)
  A slave (D:5)
  An orc priest (D:8)
  A worker ant (D:11)
  An orc wizard (D:8)
  2 gnolls (D:8)
  2 orcs (D:8)
  A plant (D:6)
9 creatures vanquished.

Grand Total: 205 creatures vanquished

Notes
Turn   | Place    | Note
-------+----------+-------------------------------------------
     0 | D:1      | galech the Demonspawn Fighter began the quest for the Orb.
     0 | D:1      | Reached XP level 1. HP: 18/18 MP: 1/1
   244 | D:1      | Gained mutation: You have large cloven feet. [demonic
                  | ancestry]
   244 | D:1      | Reached XP level 2. HP: 24/24 MP: 2/2
   255 | D:1      | Reached skill level 2 in Axes
   637 | D:2      | Gained mutation: You sometimes gain a little power by
                  | taking damage. [demonic ancestry]
   637 | D:2      | Reached XP level 3. HP: 18/29 MP: 3/3
  1559 | D:2      | Reached XP level 4. HP: 35/35 MP: 4/4
  2076 | D:3      | Reached skill level 3 in Axes
  2372 | D:3      | Noticed a phantom
  2434 | D:3      | Killed a phantom
  2434 | D:3      | Reached XP level 5. HP: 24/41 MP: 5/5
  2763 | D:4      | Noticed a phantom
  2778 | D:4      | Got a vibrating granite ring
  2822 | D:4      | Killed a phantom
  2822 | D:4      | Reached skill level 4 in Axes
  2822 | D:4      | Gained mutation: You have hoof-like feet. [demonic
                  | ancestry]
  2822 | D:4      | Reached XP level 6. HP: 24/47 MP: 6/6
  2970 | D:4      | Identified the ring "Turchum" {*Tele +Fly rElec Str-2} (You
                  | found it on level 4 of the Dungeon)
  3238 | D:4      | Found a staircase to the Ecumenical Temple.
  3247 | Temple   | Entered the Ecumenical Temple
  3254 | Temple   | Became a worshipper of Warmaster Okawaru
  3582 | D:4      | Found a runed gate.
  3582 | D:4      | Found a runed gate.
  3582 | D:4      | Found a runed gate.
  3582 | D:4      | Noticed melvinkitnick's ghost (amateur SpEn)
  3582 | D:4      | Noticed Leeroy's ghost (amateur GnSk)
  3583 | D:4      | Noticed RexLacerta's ghost (amateur HaHu)
  3583 | D:4      | Noticed phyphor's ghost (amateur SpEn)
  3629 | D:5      | Entered Level 5 of the Dungeon
  3629 | D:5      | Noticed Pikel
  3629 | D:5      | Noticed a slave
  3630 | D:5      | Noticed a slave
  3630 | D:5      | Noticed a slave
  3631 | D:5      | Noticed a slave
  3644 | D:5      | Killed Pikel
  3644 | D:5      | Reached * piety under Okawaru
  3644 | D:5      | Reached skill level 5 in Axes
  3644 | D:5      | Reached skill level 1 in Dodging
  3644 | D:5      | Reached XP level 7. HP: 30/54 MP: 7/7
  3984 | D:5      | Reached ** piety under Okawaru
  3984 | D:5      | Reached XP level 8. HP: 60/60 MP: 8/8
  4181 | D:5      | Reached skill level 6 in Axes
  4962 | D:6      | Noticed Duvessa
  4962 | D:6      | Noticed Dowan
  4979 | D:6      | Killed Dowan
  4979 | D:6      | Reached skill level 5 in Shields
  5174 | D:6      | Killed Duvessa
  5536 | D:6      | Reached skill level 5 in Armour
  6035 | D:6      | Found a shimmering altar of Xom.
  6558 | D:7      | Reached skill level 1 in Stealth
  6564 | D:7      | Found a runed gate.
  6564 | D:7      | Found a runed gate.
  6564 | D:7      | Found a runed gate.
  6689 | D:7      | Noticed Lanoc's ghost (amateur FeMo)
  6777 | D:7      | Gained mutation: You are partially covered in sharp spines.
                  | [demonic ancestry]
  6777 | D:7      | Reached XP level 9. HP: 65/67 MP: 9/9
  6915 | D:7      | Reached skill level 7 in Axes
  7075 | D:7      | Reached skill level 5 in Fighting
  7271 | D:6      | Found a shadowy altar of Dithmenos.
  7274 | D:6      | Reached *** piety under Okawaru
  7610 | D:8      | Found Wauw's Antique Weapon Boutique.
  7641 | D:8      | Found an opulent altar of Gozag.
  8310 | D:8      | Reached skill level 8 in Axes
  8438 | D:8      | Found a staircase to the Lair.
  8573 | D:9      | Reached **** piety under Okawaru
  8753 | D:9      | Noticed Maurice
  8774 | D:9      | Paralysed by something for 7 turns
  8795 | D:9      | Paralysed by something for 2 turns
  8802 | D:9      | Killed Maurice
  8906 | D:9      | You fall through a shaft for 2 floors!
  8992 | D:10     | Entered Level 10 of the Dungeon
  9036 | D:9      | Gained mutation: You sometimes gain power by taking damage.
                  | [demonic ancestry]
  9036 | D:9      | Reached XP level 10. HP: 76/76 MP: 10/10
  9420 | D:10     | Reached skill level 9 in Axes
 10062 | Lair:1   | Entered Level 1 of the Lair of Beasts
 10107 | Lair:1   | Noticed a spiny frog
 10113 | Lair:1   | Killed a spiny frog
 10118 | Lair:1   | Noticed an eight-headed hydra
 10127 | Lair:1   | Slain by a six-headed hydra

Vault maps used:
D:1:      saegor_arrival_simple_b
D:4:      minmay_temple_entry_trees, gammafunk_ghost_cemetery, first_ration,
          minmay_cupped
D:5:      moated_statue, uniq_pikel
D:6:      lemuel_upstairs_altar, basic_altar, st_stairs_4, supply_closet_lemuel,
          chequers_big_river, serial_bayou_crossing, uniq_duvessa
D:7:      gammafunk_ghost_icy
D:8:      nicolae_gozag_seed_capital, erik_lair_dragon, serial_shops, shop
D:9:      uniq_maurice
D:11:     hangedman_stone_soup, uniq_psyche, uniq_snorg, uniq_fannar
Temple:   compressed_dpeg_circular_temple
Lair:1:   grunt_megastairs_4, uniq_joseph

Skill      XL: |  1  2  3  4  5  6  7  8  9 10 |
---------------+-------------------------------+-----
Axes           | 2 3 4 5 6 8 9 |  9.3
Armour         | 3 4 5 6 |  6.5
Shields        | 3 4 5 6 7 |  7.1
Fighting       | 4 5 6 |  6.2
Dodging        | 1 3 4 |  4.6
Stealth        | 1 |  1.5
Invocations    | |  0.9

Action                   |  1- 3 |  4- 6 |  7- 9 | 10-12 || total
-------------------------+-------+-------+-------+-------++-------
Melee: War axe           |   106 |   161 |       |       ||   267
       Kick              |    12 |    39 |    59 |    37 ||   147
       Hand axe          |       |    23 |   269 |   102 ||   394
Invok: Heroism           |       |       |     3 |       ||     3
  Use: Potion            |     1 |       |     1 |       ||     2
       Scroll            |       |    10 |     4 |       ||    14
 Stab: Confused          |       |       |     1 |       ||     1
  Eat: Chunk             |     2 |     7 |    14 |     3 ||    26
       Ration            |       |       |     1 |       ||     1
Armor: Ice dragon scales |    60 |   101 |   110 |    26 ||   297
       Scale mail        |     4 |       |       |       ||     4
Dodge: Dodged            |    35 |    47 |    72 |    23 ||   177
Block: Shield            |    56 |    95 |    49 |       ||   200
       Large shield      |       |       |    95 |    89 ||   184

Table legend:
 A = Non-vault XP
 B = Vault XP
 C = Vault XP percentage of total XP
 D = Non-vault monster count
 E = Vault monster count
 F = Vault count percentage of total count
                 A         B        C        D         E       F
            +---------+---------+-------+---------+---------+-------
      Total |    6605 |    1880 |  22.2 |     187 |      11 |   5.6
            +---------+---------+-------+---------+---------+-------
        D:1 |      28 |       0 |   0.0 |      19 |       0 |   0.0
        D:2 |      91 |       0 |   0.0 |      27 |       0 |   0.0
        D:3 |     160 |       0 |   0.0 |      14 |       0 |   0.0
        D:4 |     317 |      48 |  13.2 |      18 |       3 |  14.3
        D:5 |     302 |     663 |  68.7 |      13 |       1 |   7.1
        D:6 |     613 |     216 |  26.1 |      12 |       2 |  14.3
        D:7 |     864 |       0 |   0.0 |      30 |       0 |   0.0
        D:8 |     528 |     460 |  46.6 |      15 |       4 |  21.1
        D:9 |    1075 |     493 |  31.4 |      13 |       1 |   7.1
       D:10 |    1310 |       0 |   0.0 |      15 |       0 |   0.0
       D:11 |      73 |       0 |   0.0 |       3 |       0 |   0.0
     Lair:1 |    1244 |       0 |   0.0 |       8 |       0 |   0.0
            +---------+---------+-------+---------+---------+-------
